TOP OF THE 1ST |
Detroit (APP) Tigers batting - Pitching for Greeneville Astros : LHP Ruben Rojas
|
Pitching: LHP Ruben Rojas
|
|
Batting: LHB Bill Ford
|
0-0: Swinging Strike 0-1: Foul Ball, location: 2F 0-2: Ball 1-2: Fly out, F4 (Popup, 34S, EV 83.1 MPH)
|
Batting: RHB Jon Goldstein
|
0-0: Ball 1-0: Foul Ball, location: 2F 1-1: Fly out, F8 (Flyball, 8RD, EV 103.1 MPH)
|
Batting: SHB Sean Foley
|
0-0: Called Strike 0-1: Called Strike 0-2: Strikes out swinging
|
Top of the 1st over - 0 runs, 0 hits, 0 errors, 0 left on base; Detroit (APP) 0 - Greeneville 0 |
BOTTOM OF THE 1ST |
Greeneville Astros batting - Pitching for Detroit (APP) Tigers : LHP Jim Belcher
|
Pitching: LHP Jim Belcher
|
|
Batting: RHB Edgar Trejo
|
0-0: Swinging Strike 0-1: Foul Ball, location: 2F 0-2: Ball 1-2: Fly out, F7 (Flyball, 7LM, EV 87.5 MPH)
|
Batting: RHB Sean Mounts
|
0-0: Ground out U3 (Groundball, 13, EV 86.2 MPH)
|
Batting: RHB Ryan Salas
|
0-0: Foul Ball, location: 2F 0-1: Foul Ball, location: 2F 0-2: Fly out, F8 (Flyball, 89D, EV 109.4 MPH)
|
Bottom of the 1st over - 0 runs, 0 hits, 0 errors, 0 left on base; Detroit (APP) 0 - Greeneville 0 |
TOP OF THE 2ND |
Detroit (APP) Tigers batting - Pitching for Greeneville Astros : LHP Ruben Rojas
|
Batting: SHB Ross Holland
|
0-0: Ball 1-0: Ground out U3 (Groundball, 3S, EV 90.6 MPH)
|
Batting: RHB Adam MacConnell
|
0-0: Ball 1-0: Foul Ball, location: 2F 1-1: Ball 2-1: Swinging Strike 2-2: Ball 3-2: Strikes out looking
|
Batting: RHB Jose Evangelista
|
0-0: Ball 1-0: Swinging Strike 1-1: Swinging Strike 1-2: Ball 2-2: Strikes out swinging
|
Top of the 2nd over - 0 runs, 0 hits, 0 errors, 0 left on base; Detroit (APP) 0 - Greeneville 0 |
BOTTOM OF THE 2ND |
Greeneville Astros batting - Pitching for Detroit (APP) Tigers : LHP Jim Belcher
|
Batting: RHB Bruce Bermudez
|
0-0: Called Strike 0-1: Ball 1-1: Ball 2-1: Foul Ball, location: 2F 2-2: TRIPLE (Flyball, 89XD, EV 107.5 MPH)
|
Batting: LHB Josh Birkner
|
0-0: Ground out 4-3 (Groundball, 4, EV 87.5 MPH) Bruce Bermudez scores
|
Batting: RHB Workneh Lagat
|
0-0: Ball 1-0: Ball 2-0: Foul Ball, location: 2F 2-1: Ball 3-1: Base on Balls
|
Batting: LHB Lou Toth
|
0-0: Called Strike 0-1: Grounds into double play, 4-6-3 (Groundball, 4, EV 101.2 MPH)
|
Bottom of the 2nd over - 1 run, 1 hit, 0 errors, 0 left on base; Detroit (APP) 0 - Greeneville 1 |
TOP OF THE 3RD |
Detroit (APP) Tigers batting - Pitching for Greeneville Astros : LHP Ruben Rojas
|
Batting: LHB Jon Pedlar
|
0-0: Called Strike 0-1: Foul Ball, location: 2F 0-2: DOUBLE (Flyball, 8LXD, EV 98.1 MPH)
|
Batting: RHB Jamie Villagrana
|
0-0: Foul Ball, location: 2F 0-1: Ball 1-1: Ground out 6-3 (Groundball, 6, EV 102.5 MPH)
|
Batting: RHB Willie Ochoa
|
0-0: Ball 1-0: Ground out U3 (Groundball, 34S, EV 81.9 MPH) Jon Pedlar to third
|
Batting: LHB Bill Ford
|
0-0: Swinging Strike 0-1: Foul Ball, location: 2F 0-2: Strikes out looking
|
Top of the 3rd over - 0 runs, 1 hit, 0 errors, 1 left on base; Detroit (APP) 0 - Greeneville 1 |
BOTTOM OF THE 3RD |
Greeneville Astros batting - Pitching for Detroit (APP) Tigers : LHP Jim Belcher
|
Batting: RHB Gabe Allen
|
0-0: Ball 1-0: Ground out 4-3 (Groundball, 6M, EV 108.8 MPH)
|
Batting: RHB Guo-ning Chen
|
0-0: Ball 1-0: Ball 2-0: Ground out 4-3 (Groundball, 4S, EV 73.8 MPH)
|
Batting: RHB Edgar Trejo
|
0-0: Called Strike 0-1: Ball 1-1: Called Strike 1-2: Ball 2-2: Ball 3-2: DOUBLE (Line Drive, 9LM, EV 115.0 MPH)
|
Batting: RHB Sean Mounts
|
0-0: Ball 1-0: Ball 2-0: Ball 3-0: Base on Balls
|
Batting: RHB Ryan Salas
|
0-0: Ball 1-0: Ground out 1-3 (Groundball, 34S, EV 68.8 MPH)
|
Bottom of the 3rd over - 0 runs, 1 hit, 0 errors, 2 left on base; Detroit (APP) 0 - Greeneville 1 |
TOP OF THE 4TH |
Detroit (APP) Tigers batting - Pitching for Greeneville Astros : LHP Ruben Rojas
|
Batting: RHB Jon Goldstein
|
0-0: Ball 1-0: Called Strike 1-1: Ball 2-1: Ball 3-1: Foul Ball, location: 2F 3-2: Base on Balls
|
Batting: SHB Sean Foley
|
0-0: Called Strike 0-1: Ball 1-1: Foul Ball, location: 2F 1-2: Ball 2-2: Strikes out swinging
|
Batting: SHB Ross Holland
|
0-0: Ball 1-0: Fly out, F8 (Flyball, 8RD, EV 96.9 MPH)
|
Batting: RHB Adam MacConnell
|
0-0: Called Strike 0-1: Ball 1-1: Called Strike 1-2: Ball 2-2: Foul Ball, location: 2F 2-2: Foul Ball, location: 2F 2-2: Strikes out swinging
|
Top of the 4th over - 0 runs, 0 hits, 0 errors, 1 left on base; Detroit (APP) 0 - Greeneville 1 |
BOTTOM OF THE 4TH |
Greeneville Astros batting - Pitching for Detroit (APP) Tigers : LHP Jim Belcher
|
Batting: RHB Bruce Bermudez
|
0-0: Ball 1-0: Ball 2-0: Ground out 4-3 (Groundball, 4S, EV 72.5 MPH)
|
Batting: LHB Josh Birkner
|
0-0: SINGLE (Groundball, 4D, EV 105.0 MPH)
|
Batting: RHB Workneh Lagat
|
0-0: Foul Ball, location: 2F 0-1: Ball 1-1: Called Strike 1-2: Foul Ball, location: 2F 1-2: Fielders Choice at 2nd, 5-4 (Groundball, 56, EV 85.0 MPH)
|
Batting: LHB Lou Toth
|
0-0: Ball 1-0: Foul Ball, location: 2F 1-1: Ball 2-1: Foul Ball, location: 2F 2-2: Strikes out swinging
|
Bottom of the 4th over - 0 runs, 1 hit, 0 errors, 1 left on base; Detroit (APP) 0 - Greeneville 1 |
TOP OF THE 5TH |
Detroit (APP) Tigers batting - Pitching for Greeneville Astros : LHP Ruben Rojas
|
Batting: RHB Jose Evangelista
|
0-0: Called Strike 0-1: Ball 1-1: Ball 2-1: Foul Ball, location: 2F 2-2: Foul Ball, location: 2F 2-2: Ball 3-2: Foul Ball, location: 2F 3-2: Foul Ball, location: 2F 3-2: SINGLE (Groundball, 6M, EV 79.4 MPH) (infield hit)
|
Pitching: RHP Oscar Andrade
|
|
Batting: LHB Jon Pedlar
|
0-0: Ball 1-0: Ball 2-0: Called Strike 2-1: Foul Ball, location: 2F 2-2: Strikes out swinging
|
Batting: RHB Jamie Villagrana
|
0-0: Called Strike 0-1: Ball 1-1: Ball Wild Pitch! Jose Evangelista to second 2-1: Ball 3-1: Swinging Strike 3-2: Base on Balls
|
Batting: RHB Willie Ochoa
|
0-0: Called Strike Jose Evangelista steals 3rd base (no throw) Jamie Villagrana to second 0-1: Ball 1-1: Swinging Strike 1-2: Ball 2-2: Strikes out swinging
|
Batting: LHB Bill Ford
|
0-0: Called Strike 0-1: TRIPLE (Line Drive, 7D, EV 93.8 MPH) Jose Evangelista scores Jamie Villagrana scores
|
Batting: RHB Jon Goldstein
|
0-0: Called Strike 0-1: Ball 1-1: Foul Ball, location: 2F 1-2: Ball 2-2: Strikes out swinging
|
Top of the 5th over - 2 runs, 2 hits, 0 errors, 1 left on base; Detroit (APP) 2 - Greeneville 1 |
BOTTOM OF THE 5TH |
Greeneville Astros batting - Pitching for Detroit (APP) Tigers : LHP Jim Belcher
|
Batting: RHB Gabe Allen
|
0-0: Called Strike 0-1: Swinging Strike 0-2: Strikes out swinging
|
Batting: RHB Guo-ning Chen
|
0-0: Ground out 5-3 (Groundball, 56S, EV 83.1 MPH)
|
Batting: RHB Edgar Trejo
|
0-0: Ball 1-0: Ball 2-0: Ball 3-0: Called Strike 3-1: Fly out, F6 (Line Drive, 6, EV 70.6 MPH)
|
Bottom of the 5th over - 0 runs, 0 hits, 0 errors, 0 left on base; Detroit (APP) 2 - Greeneville 1 |
TOP OF THE 6TH |
Detroit (APP) Tigers batting - Pitching for Greeneville Astros : RHP Oscar Andrade
|
Batting: SHB Sean Foley
|
0-0: Called Strike 0-1: Foul Ball, location: 2F 0-2: Ground out 4-3 (Groundball, 4, EV 88.8 MPH)
|
Batting: SHB Ross Holland
|
0-0: SOLO HOME RUN (Flyball, 7LD, EV 94.4 MPH), Distance : 346 ft
|
Batting: RHB Adam MacConnell
|
0-0: Called Strike 0-1: Swinging Strike 0-2: Ball 1-2: Ball 2-2: Strikes out swinging
|
Batting: RHB Jose Evangelista
|
0-0: Foul Ball, location: 2F 0-1: Ball 1-1: DOUBLE (Flyball, 78XD, EV 112.5 MPH)
|
Batting: LHB Jon Pedlar
|
0-0: Swinging Strike 0-1: Hit by Pitch
|
Batting: RHB Jamie Villagrana
|
0-0: Ball 1-0: Foul Ball, location: 2F 1-1: Foul Ball, location: 2F 1-2: Foul Ball, location: 2F 1-2: Ball 2-2: SINGLE (Groundball, 56D, EV 94.4 MPH) Jose Evangelista to third Jon Pedlar to second Runner from 3rd tries for Home, SAFE, throw by LF to home
|
Batting: RHB Willie Ochoa
|
0-0: Called Strike 0-1: Called Strike 0-2: Foul Ball, location: 2F 0-2: Ball 1-2: Foul Ball, location: 2F 1-2: Foul Ball, location: 2F 1-2: Foul Ball, location: 2F 1-2: Ball 2-2: Ball Wild Pitch! Jon Pedlar to third Jamie Villagrana to second 3-2: SINGLE (Line Drive, 8RS, EV 95.6 MPH) Jon Pedlar scores Jamie Villagrana to third Runner from 3rd tries for Home, SAFE, throw by CF to home Willie Ochoa to second
|
Batting: LHB Bill Ford
|
0-0: Ball 1-0: Called Strike 1-1: Ball 2-1: Foul Ball, location: 2F 2-2: Fly out, F9 (Flyball, 9LS, EV 73.1 MPH)
|
Top of the 6th over - 4 runs, 4 hits, 0 errors, 1 left on base; Detroit (APP) 6 - Greeneville 1 |
BOTTOM OF THE 6TH |
Greeneville Astros batting - Pitching for Detroit (APP) Tigers : LHP Jim Belcher
|
Batting: RHB Sean Mounts
|
0-0: Ball 1-0: Called Strike 1-1: Ball 2-1: Ball 3-1: Base on Balls
|
Batting: RHB Ryan Salas
|
0-0: Ball 1-0: Foul Ball, location: 2F 1-1: Foul Ball, location: 2F 1-2: SINGLE (Line Drive, 4D, EV 98.8 MPH) Sean Mounts to second Runner from 2nd tries for 3rd, SAFE, throw by CF made to third
|
Batting: RHB Bruce Bermudez
|
0-0: Ball 1-0: Ball 2-0: Ball 3-0: Called Strike 3-1: Called Strike 3-2: Foul Ball, location: 2F 3-2: Base on Balls Ryan Salas to second
|
Pitching: RHP Scott King
|
|
Batting: LHB Josh Birkner
|
0-0: Fly out, F9 (Flyball, 9S, EV 91.9 MPH)
|
Batting: RHB Workneh Lagat
|
0-0: Ball 1-0: Ball 2-0: Ball 3-0: Called Strike 3-1: Foul Ball, location: 2F 3-2: Foul Ball, location: 2F 3-2: Base on Balls Sean Mounts scores Ryan Salas to third Bruce Bermudez to second
|
Batting: LHB Lou Toth
|
0-0: Ball Wild Pitch! Ryan Salas scores Bruce Bermudez to third Workneh Lagat to second 1-0: Ground out 4-3 (Groundball, 4, EV 105.6 MPH) Bruce Bermudez scores Workneh Lagat to third
|
Batting: RHB Gabe Allen
|
0-0: Ground out 1-3 (Groundball, 13S, EV 67.5 MPH)
|
Bottom of the 6th over - 3 runs, 1 hit, 0 errors, 1 left on base; Detroit (APP) 6 - Greeneville 4 |
TOP OF THE 7TH |
Detroit (APP) Tigers batting - Pitching for Greeneville Astros : RHP Oscar Andrade
|
Batting: RHB Jon Goldstein
|
0-0: Ball 1-0: Ball 2-0: Called Strike 2-1: DOUBLE (Line Drive, 9LS, EV 95.0 MPH)
|
Pitching: RHP Ray Fernandez
|
|
Batting: SHB Sean Foley
|
0-0: Ball 1-0: Ball 2-0: Ball 3-0: Base on Balls
|
Batting: SHB Ross Holland
|
0-0: Ball 1-0: Foul Ball, location: 2F 1-1: Ball Wild Pitch! Jon Goldstein to third Sean Foley to second 2-1: Intentional Walk
|
Batting: RHB Adam MacConnell
|
0-0: Ball 1-0: Foul Ball, location: 2F 1-1: TRIPLE (Line Drive, 78XD, EV 107.5 MPH) Jon Goldstein scores Sean Foley scores Ross Holland scores
|
Batting: RHB Jose Evangelista
|
0-0: Called Strike 0-1: Ball 1-1: Ball 2-1: DOUBLE (Flyball, 78D, EV 106.9 MPH) Adam MacConnell scores
|
Batting: LHB Jon Pedlar
|
0-0: Foul Ball, location: 2F 0-1: Ball 1-1: Ball 2-1: Ball 3-1: Base on Balls
|
Batting: RHB Jamie Villagrana
|
0-0: Foul Ball, location: 2F 0-1: Ball 1-1: Fly out, F8 (Flyball, 8LS, EV 83.1 MPH)
|
Batting: RHB Willie Ochoa
|
0-0: Fielders Choice at 2nd, 3-6 (Groundball, 3S, EV 88.1 MPH) Jose Evangelista to third
|
Batting: LHB Bill Ford
|
0-0: Called Strike 0-1: Ball 1-1: Ball Wild Pitch! Jose Evangelista scores Willie Ochoa to second 2-1: Foul Ball, location: 2F 2-2: Ball 3-2: DOUBLE (Groundball, 3L, EV 104.4 MPH) Willie Ochoa scores
|
Pinch Hitting: RHB Billy Verdusco
|
0-0: Fly out, F9 (Line Drive, 9, EV 95.6 MPH)
|
Top of the 7th over - 6 runs, 4 hits, 0 errors, 1 left on base; Detroit (APP) 12 - Greeneville 4 |
BOTTOM OF THE 7TH |
Greeneville Astros batting - Pitching for Detroit (APP) Tigers : RHP Scott King
|
Now at 3B: Billy Verdusco
|
|
Batting: RHB Guo-ning Chen
|
0-0: Ball 1-0: Called Strike 1-1: Ball 2-1: Foul Ball, location: 2F 2-2: Foul Ball, location: 2F 2-2: Foul Ball, location: 2F 2-2: Fly out, F9 (Flyball, 9D, EV 92.5 MPH)
|
Batting: RHB Edgar Trejo
|
0-0: Ball 1-0: Ball 2-0: Swinging Strike 2-1: Foul Ball, location: 2F 2-2: Foul Ball, location: 2F 2-2: Fly out, F9 (Flyball, 9LD, EV 89.4 MPH)
|
Batting: RHB Sean Mounts
|
0-0: Called Strike 0-1: Called Strike 0-2: Strikes out swinging
|
Bottom of the 7th over - 0 runs, 0 hits, 0 errors, 0 left on base; Detroit (APP) 12 - Greeneville 4 |
TOP OF THE 8TH |
Detroit (APP) Tigers batting - Pitching for Greeneville Astros : RHP Ray Fernandez
|
Batting: SHB Sean Foley
|
0-0: Ball 1-0: Ball 2-0: Ball 3-0: Base on Balls
|
Batting: SHB Ross Holland
|
0-0: Ball 1-0: Ball 2-0: Ball 3-0: Fly out, F9 (Flyball, 9LM, EV 96.9 MPH)
|
Batting: RHB Adam MacConnell
|
0-0: Ball 1-0: DOUBLE (Groundball, 5L, EV 108.8 MPH) Sean Foley to third Runner from 3rd tries for Home, SAFE, no throw by LF
|
Pinch Hitting: RHB Cory Wilkins
|
0-0: SINGLE (Groundball, 56S, EV 69.4 MPH) (infield hit) Adam MacConnell to third
|
Batting: LHB Jon Pedlar
|
0-0: Ball 1-0: Ball 2-0: Ball 3-0: Base on Balls Cory Wilkins to second
|
Batting: RHB Jamie Villagrana
|
0-0: Called Strike 0-1: SINGLE (Line Drive, 89S, EV 92.5 MPH) Adam MacConnell scores Cory Wilkins to third Jon Pedlar to second Runner from 3rd tries for Home, SAFE, throw by RF to home
|
Pitching: RHP Mike Koch
|
|
Batting: RHB Willie Ochoa
|
0-0: Swinging Strike 0-1: Ball 1-1: Foul Ball, location: 2F 1-2: Ball 2-2: Foul Ball, location: 2F 2-2: Ball 3-2: Foul Ball, location: 2F 3-2: Base on Balls Jon Pedlar to third Jamie Villagrana to second
|
Batting: LHB Bill Ford
|
0-0: Called Strike 0-1: Swinging Strike 0-2: Strikes out swinging
|
Batting: RHB Billy Verdusco
|
0-0: Ball 1-0: Foul Ball, location: 2F 1-1: GRAND SLAM HOME RUN (Flyball, 78XD, EV 98.1 MPH), Distance : 412 ft
|
Batting: SHB Sean Foley
|
0-0: Ball 1-0: Ball 2-0: Ball 3-0: Called Strike 3-1: Called Strike 3-2: Base on Balls
|
Batting: SHB Ross Holland
|
0-0: Foul Ball, location: 2F 0-1: Called Strike 0-2: Ball 1-2: Ball 2-2: Foul Ball, location: 2F 2-2: Strikes out swinging
|
Top of the 8th over - 7 runs, 4 hits, 0 errors, 1 left on base; Detroit (APP) 19 - Greeneville 4 |
BOTTOM OF THE 8TH |
Greeneville Astros batting - Pitching for Detroit (APP) Tigers : RHP Scott King
|
Pitching: RHP Cameron Maxwell
|
|
Now in LF: Cory Wilkins
|
|
Now in RF: Bill Ford
|
|
Batting: RHB Ryan Salas
|
0-0: Foul Ball, location: 2F 0-1: Ball 1-1: Ball 2-1: Ball 3-1: Base on Balls
|
Batting: RHB Bruce Bermudez
|
0-0: Ball 1-0: Foul Ball, location: 2F 1-1: Foul Ball, location: 2F 1-2: Strikes out looking
|
Batting: LHB Josh Birkner
|
0-0: Ball 1-0: Called Strike 1-1: Foul Ball, location: 2F 1-2: Ball 2-2: Foul Ball, location: 2F 2-2: Strikes out swinging
|
Batting: RHB Workneh Lagat
|
0-0: Ball 1-0: Called Strike 1-1: Ball 2-1: Swinging Strike 2-2: Foul Ball, location: 2F 2-2: Ball 3-2: Strikes out swinging
|
Bottom of the 8th over - 0 runs, 0 hits, 0 errors, 1 left on base; Detroit (APP) 19 - Greeneville 4 |
TOP OF THE 9TH |
Detroit (APP) Tigers batting - Pitching for Greeneville Astros : RHP Mike Koch
|
Batting: RHB Adam MacConnell
|
0-0: Foul Ball, location: 2F 0-1: Called Strike 0-2: Fly out, F9 (Flyball, 89M, EV 81.2 MPH)
|
Batting: RHB Cory Wilkins
|
0-0: Called Strike 0-1: Foul Ball, location: 2F 0-2: Ball 1-2: SINGLE (Flyball, 5D, EV 95.6 MPH)
|
Batting: LHB Jon Pedlar
|
0-0: Ball 1-0: Ball 2-0: Called Strike 2-1: Foul Ball, location: 2F 2-2: Ball 3-2: Base on Balls Cory Wilkins to second
|
Batting: RHB Jamie Villagrana
|
0-0: Called Strike 0-1: Foul Ball, location: 2F 0-2: Ball 1-2: Fly out, F8 (Flyball, 89D, EV 101.9 MPH)
|
Batting: RHB Willie Ochoa
|
0-0: Ball 1-0: Ball 2-0: SINGLE (Groundball, 56D, EV 95.6 MPH) Cory Wilkins to third Jon Pedlar to second Runner from 3rd tries for Home, SAFE, throw by LF to home
|
Pitching: RHP Danny Jensen
|
|
Batting: LHB Bill Ford
|
0-0: Ball 1-0: SINGLE (Line Drive, 8RS, EV 100.0 MPH) Jon Pedlar to third Willie Ochoa to second
|
Batting: RHB Billy Verdusco
|
0-0: Swinging Strike 0-1: Called Strike 0-2: Ball 1-2: Foul Ball, location: 2F 1-2: Ball 2-2: SINGLE (Line Drive, 6M, EV 106.9 MPH) Jon Pedlar scores Willie Ochoa to third Bill Ford to second Runner from 3rd tries for Home, SAFE, throw by CF to home
|
Batting: SHB Sean Foley
|
0-0: Foul Ball, location: 2F 0-1: Swinging Strike 0-2: Fielders Choice at 2nd, 6-4 (Groundball, 6, EV 93.8 MPH)
|
Top of the 9th over - 3 runs, 4 hits, 0 errors, 2 left on base; Detroit (APP) 22 - Greeneville 4 |
BOTTOM OF THE 9TH |
Greeneville Astros batting - Pitching for Detroit (APP) Tigers : RHP Cameron Maxwell
|
Batting: LHB Lou Toth
|
0-0: Ball 1-0: Called Strike 1-1: Ground out U3 (Groundball, 3S, EV 64.4 MPH)
|
Batting: RHB Gabe Allen
|
0-0: Called Strike 0-1: Ball 1-1: Ball 2-1: Ground out 5-3 (Groundball, 5S, EV 70.6 MPH)
|
Batting: RHB Guo-ning Chen
|
0-0: SINGLE (Groundball, 4M, EV 81.2 MPH) (infield hit)
|
Batting: RHB Edgar Trejo
|
0-0: Ball 1-0: Ball 2-0: Ball 3-0: Called Strike 3-1: Base on Balls Guo-ning Chen to second
|
Batting: RHB Sean Mounts
|
0-0: Ball 1-0: Foul Ball, location: 2F 1-1: Fly out, F8 (Flyball, 89M, EV 88.1 MPH)
|
Bottom of the 9th over - 0 runs, 1 hit, 0 errors, 2 left on base; Detroit (APP) 22 - Greeneville 4 |
|